 Dungeon Crawl Stone Soup version 0.31-a0-544-gceb718ecc6 (webtiles) character file.

Game seed: 3227906813950443444

15005 Duck the Thaumaturge (level 12, -4/92 HPs)
             Began as a Djinni Conjurer on Aug 15, 2023.
             Was an Elder of Elyvilon.
             Slain by a death yak (17 damage)
             ... on level 1 of the Lair of Beasts.
             The game lasted 01:40:12 (14771 turns).

Duck the Thaumaturge (Djinni Conjurer)             Turns: 14771, Time: 01:40:12

Health: -4/92      AC: 16    Str: 13    XL:     12   Next: 52%
Gold:   721        EV: 12    Int: 21    God:    Elyvilon [****..] SH:  0 Dex: 17

rFire   + + +        q - +1 short sword (venom)
rCold   x . .        (no shield)
rNeg    + . .        V - +4 Cigotuvi's embrace {Corpsefed rMiasma Drain rN+}
rPois   ∞            G - +2 helmet "Edwuh" {rF+}
rElec   .            U - +0 cloak {rCorr}
rCorr   +            H - +0 pair of gloves
SInv    .            (boots unavailable)
Will    ++...        J - amulet "Uruis" {Acrobat Will+ rCorr Stlth+}
Stlth   +++          p - +6 ring of strength
HPRegen 0.35/turn    t - +4 ring of protection
MPRegen 0.00/turn

%: acrobat, infuse magic (-5 HP)
@: flying
A: sickness immunity, fire resistance 2, cold vulnerability 1, float, innate
caster, HP casting, extra vitality 1, agile 1, MP-powered wands, sturdy frame 1
a: Renounce Religion, Purification, Heal Other, Heal Self


You were on level 1 of the Lair of Beasts.
You worshipped Elyvilon.
Elyvilon was greatly pleased with you.
You visited 2 branches of the dungeon, and saw 12 of its levels.
You also visited: Bailey.

You collected 757 gold pieces.
You spent 36 gold pieces at shops.

Inventory:

Hand Weapons
 o - a +0 dagger of electrocution
 q - a +1 short sword of venom (weapon)
 O - a +2 short sword of flaming
 W - a +2 short sword of holy wrath
Armour
 G - the +2 helmet "Edwuh" (worn) {rF+}
   (You found it in a bailey)

   rF+:       It protects you from fire.
 H - a +0 pair of gloves (worn)
 K - a +0 scale mail
 U - a +0 cloak of preservation (worn)
 V - the +4 Cigotuvi's embrace (worn) {Corpsefed rMiasma Drain rN+}
   (You found it on level 9 of the Dungeon)

   Corpsefed: It gathers nearby corpses to temporarily increase the armour it
   provides.
   rMiasma:   It protects you from foul pestilence.
   rN+:       It protects you from negative energy.
   Drain:     It drains your maximum health when unequipped.
   Elyvilon disapproves of the use of such an item.
Jewellery
 p - a +6 ring of strength (left hand)
 t - a +4 ring of protection (right hand)
 C - a ring of willpower
 J - the amulet "Uruis" (around neck) {Acrobat Will+ rCorr Stlth+}
   (You acquired it on level 7 of the Dungeon)

   [amulet of the acrobat]

   Acrobat:   It increases your evasion while moving and waiting.
   Will+:     It increases your willpower.
   rCorr:     It protects you from acid and corrosion.
   Stlth+:    It makes you more stealthy.
 N - a ring of positive energy
 P - a +5 ring of evasion
 Y - a ring of ice
Wands
 x - a wand of iceblast (9)
 z - a wand of flame (50)
 B - a wand of polymorph (2)
 T - a wand of mindburst (8)
Scrolls
 a - a scroll of teleportation
 b - 4 scrolls of amnesia
 i - 3 scrolls of revelation
 u - 6 scrolls of identify
 F - 4 scrolls of fog {unknown}
 R - a scroll of silence {unknown}
 S - 3 scrolls of vulnerability {unknown}
 X - a scroll of brand weapon {unknown}
Potions
 h - 5 potions of curing
 j - 5 potions of haste
 k - 2 potions of brilliance
 l - 2 potions of cancellation
 m - 4 potions of magic
 n - 3 potions of lignification (quivered)
 r - a potion of enlightenment
 s - a potion of might {unknown}
 L - a potion of berserk rage
 M - a potion of attraction
Miscellaneous
 Z - a box of beasts (inert)


   Skills:
 + Level 10.3 Fighting
 + Level 8.1 Short Blades
 - Level 2.0 Armour
 - Level 2.2 Dodging
 - Level 1.6 Stealth
 * Level 11.0 Spellcasting
 * Level 11.0 Conjurations
 * Level 11.0 Hexes
   Level 0.0 Charms
 * Level 11.0 Summonings
 * Level 11.0 Necromancy
 * Level 11.0 Translocations
 * Level 11.0 Transmutations
 * Level 11.0 Fire Magic
 * Level 11.0 Ice Magic
 * Level 11.0 Air Magic
 * Level 11.0 Earth Magic
 * Level 11.0 Poison Magic
 - Level 0.4 Evocations


You knew the following spells:

 Your Spells              Type           Power      Damage    Failure   Level
a - Magic Dart            Conj           100%       1d8       1%          1
b - Searing Ray           Conj           100%       2d8       1%          2
c - Dazzling Flash        Conj/Hex       100%       N/A       1%          3
d - Fulminant Prism       Conj/Hex       27%        3d14      1%          4
e - Iskenderun's Mystic   Conj/Tloc      55%        2d12      1%          4
f - Necrotise             Necr           100%       1d9       1%          1
g - Blink                 Tloc           100%       N/A       1%          2
h - Call Canine Familiar  Summ           55%        N/A       1%          3
i - Gell's Gravitas       Tloc           55%        N/A       1%          3
j - Sticky Flame          Conj/Fire      55%        2d7       1%          4
Your spell library was empty.

Dungeon Overview and Level Annotations

Branches:
Dungeon (10/15)            Temple (0/1) D:4            Lair (2/5) D:10
    Orc (0/2) D:9          Bailey (visited)
  Swamp: Lair:2-3    Shoals: Lair:2-3     Snake: Lair:2-3    Spider: Lair:2-3

Altars:
Elyvilon
Gozag
Makhleb
Okawaru
Qazlal
Ru
Trog
Uskayaw
Zin
The Shining One

Shops:
D:7 *

Portals:
Abyss: D:10

Annotations:
D:10 2 transporters


Innate Abilities, Weirdness & Mutations

You are immune to sickness and miasma.
You are immune to poison.
Your flesh is very heat resistant. (rF++)
You are vulnerable to cold. (rC-)
You float through the air rather than walking.
You learn spells naturally, not from books.
Your magical power is your life essence.
You have superior vitality. (+4 MHP)
You are agile. (Dex +4, Str/Int -1)
You expend health (3 HP) to strengthen your wands.
Your movements are slightly less encumbered by armour. (ER -2)


Message History

You hit the death yak but do no damage.
The death yak looks as sick as possible!
The death yak is severely wounded.
The death yak gores you!
* * * LOW HITPOINT WARNING * * *
You hit the death yak but do no damage.
The death yak looks as sick as possible!
The death yak is severely wounded.
Your corpse armour falls away.
The death yak burns!
The death yak stops burning.
The death yak gores you!!
* * * LOW HITPOINT WARNING * * *
You are confused.
You feel invigorated. The death yak gores you!!
Elyvilon protects you from harm!
You bump into the rock wall.
The death yak completely misses you.
You're too confused to cast spells.
You're too confused to cast spells.
You bump into the rock wall.
The death yak gores you but does no damage.
You bump into the rock wall.
The death yak gores you!
* * * LOW HITPOINT WARNING * * *
You bump into the rock wall.
You feel less invigorated.
You feel less confused. The death yak gores you.
* * * LOW HITPOINT WARNING * * *
You hit the death yak but do no damage.
The death yak looks as sick as possible!
The death yak is almost dead.
You hit the death yak but do no damage.
The death yak looks as sick as possible!
The death yak is almost dead.
The death yak completely misses you.
You hit the death yak but do no damage.
The death yak looks as sick as possible!
The death yak is almost dead.
You hit the death yak but do no damage.
The death yak looks as sick as possible!
The death yak is almost dead.
The death yak gores you!
You die...

#.....≈≈≈≈≈≈#≈## #..#P.#
##<#..~≈≈≈≈##≈≈# ##.##.#
#....~≈~~≈##≈≈≈#### #####......
##..~≈~~~#######..#####.........#
.....~~~~..........##.#.##.......
.....≈~~~~..............##.###..#
#.#P.~~~≈~..####.#.P#.####.###...
....~~~~~....##..#.#### #.......
.....~≈~~....###@#.### #.##....
#.##.~~~~....###Y#.#.## #.##....
#...~~≈~~.#..##P.#....# #..#....
##.#~~~≈~~....##..###.# #.##.#..
....~~≈~~.#....#.####.# #.##....
..>..~~~.~....#..###..####.......
#####.≈~~..#8.8#.................
#≈≈≈≈~~≈~.......###.....##..#....
≈≈≈≈~~≈~~~##8.8#........####.....


You could see a death yak (extremely poisoned).

Vanquished Creatures
  A catoblepas (Lair:1)
  A death yak (Lair:1)
  3 centaur zombies (D:9)
  An oklob plant (Lair:1)
  Maurice (D:8)
  2 cane toads (Lair:1)
  A centaur skeleton (D:9)
  2 kobold demonologists (Bailey)
  A polar bear (Lair:1)
  3 hellwings (D:9)
  2 harpy skeletons (D:9)
  A tarantella (Bailey)
  A jumping spider (Bailey)
  13 yaks
  Sigmund (D:6)
  2 wyverns
  2 basilisks (Lair:1)
  2 steam dragons
  3 wargs (D:10)
  3 water moccasins
  An acid dragon (D:9)
  13 orc warriors
  2 black bears
  An ice beast (D:7)
  2 sky beasts (D:7)
  4 ogres
  3 centaurs
  A phantom (D:4)
  3 kobold brigands
  6 bullfrogs
  Blork the orc (D:6)
  2 gnoll sergeants (D:9)
  3 scorpions
  7 wights
  10 killer bees
  4 electric eels (Bailey)
  5 howler monkeys
  A jelly (D:7)
  A hound (D:5)
  8 orc priests
  A sleepcap (D:4)
  A boggart zombie (D:9)
  Terence (D:2)
  3 iguanas
  5 orc wizards
  12 adders
  12 gnolls
  A white imp (D:7)
  5 worms
  A dart slug (D:1)
  43 orcs
  10 endoplasms
  3 giant cockroaches
  24 goblins
  7 hobgoblins
  2 jackals (D:2)
  18 kobolds
  3 quokkas
  3 ball pythons
  6 bats
  5 frilled lizards
  6 rats
  3 fulminant prisms (D:9)
299 creatures vanquished.

Vanquished Creatures (collateral kills)
  A troll (D:8)
  A black bear (D:8)
  A bullfrog (D:9)
  An orc (Bailey)
  A ball python (D:3)
5 creatures vanquished.

Vanquished Creatures (others)
  A gnoll (D:9)
  13 fulminant prisms
14 creatures vanquished.

Grand Total: 318 creatures vanquished

Notes
Turn   | Place    | Note
-------+----------+-------------------------------------------
     0 | D:1      | Duck the Djinni Conjurer began the quest for the Orb.
     0 | D:1      | Duck set off with the following spells memorised: Magic
                  | Dart, Searing Ray, Dazzling Flash, Fulminant Prism,
                  | Iskenderun's Mystic Blast.
     0 | D:1      | Reached XP level 1. HP: 15/15 MP: 0/0
    96 | D:1      | Reached XP level 2. HP: 20/22 MP: 0/0
   161 | D:1      | Reached skill level 1 in Fighting
   352 | D:1      | Reached XP level 3. HP: 23/27 MP: 0/0
   352 | D:1      | Learned a level 1 spell: Necrotise
   590 | D:2      | Noticed Terence
   599 | D:2      | Killed Terence
   600 | D:2      | Reached XP level 4. HP: 24/33 MP: 0/0
   740 | D:2      | Found an opulent altar of Gozag.
  1014 | D:3      | Reached XP level 5. HP: 35/39 MP: 0/0
  1014 | D:3      | Learned a level 2 spell: Blink
  1108 | D:3      | Found a hide-covered altar of Uskayaw.
  1119 | D:3      | Found an iron altar of Okawaru.
  1232 | D:3      | Found an opulent altar of Gozag.
  1595 | D:3      | Found a bloodstained altar of Trog.
  1622 | D:3      | Found a white marble altar of Elyvilon.
  1627 | D:3      | Became a worshipper of Elyvilon the Healer
  1685 | D:3      | Reached XP level 6. HP: 42/46 MP: 0/0
  2260 | D:3      | Found a glowing golden altar of the Shining One.
  2503 | D:4      | Reached * piety under Elyvilon
  2712 | D:4      | Noticed an ogre
  2738 | D:4      | Reached XP level 7. HP: 44/52 MP: 0/0
  2738 | D:4      | Learned a level 3 spell: Call Canine Familiar
  2750 | D:4      | Reached skill level 5 in Spellcasting
  2750 | D:4      | Reached skill level 5 in Conjurations
  2750 | D:4      | Reached skill level 5 in Hexes
  2750 | D:4      | Reached skill level 5 in Summonings
  2750 | D:4      | Reached skill level 5 in Necromancy
  2750 | D:4      | Reached skill level 5 in Translocations
  2750 | D:4      | Reached skill level 5 in Transmutations
  2750 | D:4      | Reached skill level 5 in Fire Magic
  2750 | D:4      | Reached skill level 5 in Ice Magic
  2750 | D:4      | Reached skill level 5 in Air Magic
  2750 | D:4      | Reached skill level 5 in Earth Magic
  2750 | D:4      | Reached skill level 5 in Poison Magic
  2938 | D:4      | Reached skill level 1 in Short Blades
  3191 | D:4      | Found a staircase to the Ecumenical Temple.
  3314 | D:4      | Reached ** piety under Elyvilon
  3418 | D:5      | Entered Level 5 of the Dungeon
  3431 | D:5      | Found a stormy altar of Qazlal.
  3439 | D:5      | Reached skill level 5 in Fighting
  3463 | D:5      | Reached XP level 8. HP: 49/59 MP: 0/0
  4260 | D:5      | Found a sacrificial altar of Ru.
  4429 | D:6      | Gained mutation: You occasionally shout uncontrollably at
                  | your foes. [potion of mutation]
  4429 | D:6      | Gained mutation: You frequently scream uncontrollably at
                  | your foes. [potion of mutation]
  4430 | D:6      | Lost mutation: You frequently scream uncontrollably at your
                  | foes. [potion of mutation]
  4430 | D:6      | Lost mutation: You occasionally shout uncontrollably at
                  | your foes. [potion of mutation]
  4430 | D:6      | Gained mutation: Your movements are slightly less
                  | encumbered by armour. (ER -2) [potion of mutation]
  4430 | D:6      | Gained mutation: You are agile. (Dex +4, Str/Int -1)
                  | [potion of mutation]
  4430 | D:6      | Gained mutation: You expend health (3 HP) to strengthen
                  | your wands. [potion of mutation]
  4521 | D:6      | Reached XP level 9. HP: 46/66 MP: 0/0
  4521 | D:6      | Learned a level 3 spell: Gell's Gravitas
  4611 | D:6      | Found a burning altar of Makhleb.
  4639 | D:6      | Noticed Sigmund
  4658 | D:6      | Killed Sigmund
  4922 | D:6      | Reached *** piety under Elyvilon
  4988 | D:6      | Noticed Blork the orc
  5002 | D:6      | Killed Blork the orc
  5341 | D:6      | Found a glowing silver altar of Zin.
  5540 | D:7      | Found a flagged portal.
  5552 | Bailey   | Entered a bailey
  5830 | Bailey   | Noticed an orc knight
  6315 | Bailey   | Noticed an orc knight
  6334 | Bailey   | an orc knight changed into a jumping spider
  6339 | Bailey   | HP: 1/67 [something/ball of steam (5)]
  6363 | Bailey   | Elyvilon protects you from harm!
  6809 | Bailey   | Reached XP level 10. HP: 55/75 MP: 0/0
  6942 | Bailey   | Identified the +6 trident of Huiptytitu {freeze, *Noise
                  | rElec Dex+6}
  7125 | Bailey   | Found an iron altar of Okawaru.
  7131 | Bailey   | Noticed a kobold demonologist
  7131 | Bailey   | Noticed a kobold demonologist
  7136 | Bailey   | Noticed a rust devil
  7140 | Bailey   | Noticed an ice devil
  7141 | Bailey   | Noticed a smoke demon
  7142 | Bailey   | Killed a kobold demonologist
  7143 | Bailey   | Reached skill level 5 in Short Blades
  7149 | Bailey   | Killed a kobold demonologist
  7367 | Bailey   | Identified the +2 helmet "Edwuh" {rF+}
  7723 | Bailey   | an orc knight changed into a tarantella
  7963 | D:7      | Reached skill level 1 in Armour
  8065 | D:7      | Found Yffabig's General Store.
  8069 | D:7      | Bought a potion of lignification for 36 gold pieces
  8559 | D:7      | Acquired the amulet "Uruis" {Acrobat Will+ rCorr Stlth+}
  9011 | D:8      | Noticed Maurice
  9038 | D:8      | Reached **** piety under Elyvilon
  9758 | D:8      | Killed Maurice
  9759 | D:8      | Reached XP level 11. HP: 52/82 MP: 0/0
  9759 | D:8      | Learned a level 4 spell: Sticky Flame
 10430 | D:8      | Reached ***** piety under Elyvilon
 11622 | D:9      | Reached skill level 10 in Spellcasting
 11622 | D:9      | Reached skill level 10 in Conjurations
 11622 | D:9      | Reached skill level 10 in Hexes
 11622 | D:9      | Reached skill level 10 in Summonings
 11622 | D:9      | Reached skill level 10 in Necromancy
 11622 | D:9      | Reached skill level 10 in Translocations
 11622 | D:9      | Reached skill level 10 in Transmutations
 11622 | D:9      | Reached skill level 10 in Fire Magic
 11622 | D:9      | Reached skill level 10 in Ice Magic
 11622 | D:9      | Reached skill level 10 in Air Magic
 11622 | D:9      | Reached skill level 10 in Earth Magic
 11622 | D:9      | Reached skill level 10 in Poison Magic
 11960 | D:9      | Found a staircase to the Orcish Mines.
 12184 | D:9      | Found the +4 Cigotuvi's embrace {Corpsefed rMiasma Drain
                  | rN+}
 12390 | D:10     | Entered Level 10 of the Dungeon
 12423 | D:10     | Was placed under penance by Elyvilon
 12587 | D:10     | Noticed a green ugly thing
 12587 | D:10     | Noticed a toenail golem
 12591 | D:10     | Found a transporter.
 12604 | D:10     | Found a transporter.
 12606 | D:10     | Found a one-way gate to the infinite horrors of the Abyss.
 12637 | D:10     | Noticed a toenail golem
 12811 | D:10     | Found a staircase to the Lair.
 13076 | D:10     | Noticed a catoblepas
 13091 | D:10     | Noticed a dire elephant
 13135 | Lair:1   | Entered Level 1 of the Lair of Beasts
 13205 | Lair:1   | Reached XP level 12. HP: 16/91 MP: 0/0
 13491 | Lair:1   | Was forgiven by Elyvilon
 13515 | Lair:1   | Was placed under penance by Elyvilon
 13580 | Lair:1   | Reached skill level 10 in Fighting
 13971 | Lair:1   | Noticed a catoblepas
 14011 | Lair:1   | Killed a catoblepas
 14150 | Lair:1   | Was forgiven by Elyvilon
 14267 | Lair:1   | Was placed under penance by Elyvilon
 14516 | Lair:1   | Was forgiven by Elyvilon
 14669 | Lair:2   | Was placed under penance by Elyvilon
 14683 | Lair:2   | Was forgiven by Elyvilon
 14729 | Lair:2   | Noticed a death yak
 14730 | Lair:2   | Noticed a death yak
 14730 | Lair:2   | Noticed a death yak
 14730 | Lair:2   | Noticed a death yak
 14746 | Lair:2   | Noticed a death yak
 14756 | Lair:1   | Killed a death yak
 14762 | Lair:1   | Elyvilon protects you from harm!
 14771 | Lair:1   | Slain by a death yak

Illustrated notes

Levels and vault maps discovered:
D:1:      saegor_arrival_simple_b, layout_basic, nrook_loot_triangle
D:2:      layout_rooms, basic_altar, uniq_terence
D:3:      layout_basic, nicolae_overflow_quartered_altars,
          mainiacjoe_overflow_two_lobes
D:4:      layout_loops_cross, minmay_temple_entry_overgrown,
          kennysheep_nondescript
D:5:      layout_loops_ring, mainiacjoe_overflow_concentric_impassable,
          old_standard_altar, kennysheep_little_box
D:6:      layout_basic, zin_academy, mainiacjoe_overflow_alcove_1, uniq_sigmund,
          uniq_blork_the_orc
D:7:      layout_basic, serial_shops, nicolae_shop_back_alley_shop,
          enter_bailey_3
D:8:      layout_layer_cave, uniq_maurice
D:9:      layout_small_grid, david_orc_3, minmay_misc_feat_encased,
          minmay_stone_trees_small, hellmonk_guarded_unrand_cigotuvi
D:10:     layout_basic, minitemple, nicolae_yredelemnul_ghost_church,
          erik_lair_orcish_takeover, gammafunk_ghost_abyssal_escape
Lair:1:   layout_loops_ring, minivault_25, small_statue_intersection,
          chequers_serial_rivers_large_a, minmay_lair_oklob_items
Lair:2:   layout_big_grid, elwin_shoals_entry_rooms,
          spider_nest_entry_web_field, grunt_megastairs_2, uniq_fannar

Skill      XL: |  1  2  3  4  5  6  7  8  9 10 11 12 |
---------------+-------------------------------------+-----
Fighting       | 1 2 3 4 5 6 7 8 9 10 | 10.3
Spellcasting   | 4 5 6 7 9 10 11 | 11.0
Conjurations   | 4 5 6 7 9 10 11 | 11.0
Hexes          | 4 5 6 7 9 10 11 | 11.0
Summonings     | 4 5 6 7 9 10 11 | 11.0
Necromancy     | 4 5 6 7 9 10 11 | 11.0
Translocations | 4 5 6 7 9 10 11 | 11.0
Transmutations | 4 5 6 7 9 10 11 | 11.0
Fire Magic     | 4 5 6 7 9 10 11 | 11.0
Ice Magic      | 4 5 6 7 9 10 11 | 11.0
Air Magic      | 4 5 6 7 9 10 11 | 11.0
Earth Magic    | 4 5 6 7 9 10 11 | 11.0
Poison Magic   | 4 5 6 7 9 10 11 | 11.0
Short Blades   | 1 3 4 5 7 8 |  8.1
Armour         | 2 |  2.0
Dodging        | |  2.2
Stealth        | |  1.6
Evocations     | |  0.4

Action                     |  1- 3 |  4- 6 |  7- 9 | 10-12 || total
---------------------------+-------+-------+-------+-------++-------
  Melee: Short sword       |     1 |    12 |    25 |   502 ||   540
         Dagger            |       |    16 |    64 |       ||    80
         Punch             |       |       |     2 |     6 ||     8
   Cast: Magic Dart        |    46 |    90 |   110 |    86 ||   332
         Necrotise         |     6 |     3 |       |       ||     9
         Searing Ray       |     1 |     8 |    31 |    70 ||   110
         Dazzling Flash    |       |     2 |     3 |     1 ||     6
         Blink             |       |     1 |     4 |     2 ||     7
         Call Canine Famil |       |       |     7 |     8 ||    15
         Iskenderun's Myst |       |       |     2 |     6 ||     8
         Gell's Gravitas   |       |       |     1 |     5 ||     6
         Fulminant Prism   |       |       |       |    16 ||    16
         Sticky Flame      |       |       |       |     4 ||     4
  Evoke: Wand              |       |     2 |    14 |     8 ||    24
         Box of beasts     |       |       |       |     1 ||     1
    Use: Scroll            |       |     8 |     7 |     7 ||    22
         Potion            |       |     1 |     3 |     6 ||    10
   Stab: Invisible         |       |     1 |       |       ||     1
         Distracted        |       |       |       |     3 ||     3
         Sleeping          |       |       |       |     2 ||     2
 Armour: Robe              |     1 |    10 |    12 |       ||    23
         Ring mail         |       |       |    25 |     7 ||    32
         Scale mail        |       |       |       |   148 ||   148
         Leather armour    |       |       |       |   100 ||   100
         Skin              |       |       |       |    10 ||    10
  Dodge: Dodged            |     3 |    24 |    80 |   320 ||   427

Table legend: (Time is in decaauts)
 A = Elapsed time spent in this place.
 B = Non-inter-level travel time spent in this place.
 C = Inter-level travel time spent in this place.
 D = Time resting spent in this place.
 E = Time spent auto-exploring this place.
 F = Levels seen in this place.
 G = Mean time per level.
                   A        B        C        D        E       F      G
               +--------+--------+--------+--------+--------+-----+--------+
         Total |  14579 |  14342 |    237 |   4960 |   6277 |  13 | 1121.5 |
       Dungeon |  10747 |  10526 |    221 |   2837 |   5648 |  10 | 1074.7 |
          Lair |   1585 |   1569 |     16 |    690 |    536 |   2 |  792.5 |
        Bailey |   2247 |   2247 |      0 |   1433 |     93 |   1 | 2247.0 |
               +--------+--------+--------+--------+--------+-----+--------+

Top non-repeatable levels by time:
  Bailey: 2247 daAuts
     D:8: 1731 daAuts
     D:9: 1693 daAuts
  Lair:1: 1502 daAuts
     D:3: 1409 daAuts
     D:7: 1204 daAuts
     D:6: 1025 daAuts
     D:4: 1001 daAuts
     D:5: 971 daAuts
    D:10: 703 daAuts
     D:2: 505 daAuts
     D:1: 499 daAuts
  Lair:2: 82 daAuts
